 Dungeon Crawl Stone Soup version 0.25-a0-591-g2ad0d861f1 (webtiles) character file.

Game seed: 3250342865422957759, levelgen mode: deterministic

11 juliaBrune the Skirmisher (level 2, 24/24 HPs)
             Began as a Formicid Abyssal Knight on Mar 13, 2020.
             Was a Follower of Lugonu.
             Quit the game on level 1 of the Dungeon.
             The game lasted 00:01:34 (696 turns).

juliaBrune the Skirmisher (Formicid Abyssal Knight)  Turns: 696, Time: 00:01:35

Health: 24/24      AC:  7    Str: 16    XL:     2   Next: 35%
Magic:  3/3        EV:  9    Int: 11    God:    Lugonu [*.....]
Gold:   49         SH:  0    Dex: 10    Spells: 1/1 levels left

rFire    . . .     SeeInvis +   e - -1 dagger (curse)
rCold    . . .     Gourm    .   (no shield)
rNeg     . . .     Faith    .   d - +0 scale mail
rPois    .         Spirit   .   (helmet unavailable)
rElec    .         Reflect  .   (no cloak)
rCorr    .         Harm     .   g - +0 pair of gloves
MR       .....                  (no boots)
Stlth    ..........             (no amulet)
HPRegen  0.08/turn              (no ring)
MPRegen  0.08/turn              (no ring)

@: no status effects
A: permanent stasis, dig shafts and tunnels, four strong arms, antennae 3
a: Dig, Shaft Self, Depart the Abyss, Renounce Religion


You were on level 1 of the Dungeon.
You worshipped Lugonu.
Lugonu was aware of your devotion.
You were not hungry.

You visited 1 branch of the dungeon, and saw 1 of its levels.
You visited the Abyss 1 time.

You collected 49 gold pieces.

Inventory:

Hand Weapons
 a - a +1 spear
 e - a cursed -1 dagger (weapon)
Armour
 d - a +0 scale mail (worn)
 g - a +0 pair of gloves (worn)
Scrolls
 b - a scroll of teleportation {unknown}
Potions
 f - a potion of curing {unknown}
 i - a potion of cancellation {unknown}
Comestibles
 c - 2 rations
 h - 2 chunks of flesh


   Skills:
 - Level 3.2 Fighting
 * Level 2.9 Polearms
 - Level 2.1 Armour
 - Level 0.8 Dodging
 - Level 2.1 Invocations


You had one spell level left.
You didn't know any spells.
Your spell library was empty.

Dungeon Overview and Level Annotations

Branches:
Dungeon (1/15)

Altars:


Innate Abilities, Weirdness & Mutations

You cannot be hasted, slowed, berserked, paralysed or teleported.
You can dig through walls and to a lower floor.
Your four strong arms can wield two-handed weapons with a shield.
You have a pair of large antennae on your head. (SInv)


Message History

The hobgoblin hits you.
You hit the hobgoblin.
You kill the hobgoblin!
Lugonu accepts your kill.
No target in view!
You see here a hobgoblin corpse.
You butcher the hobgoblin corpse.
h - a chunk of flesh You see here a hobgoblin skeleton.
You see here a rat corpse.
You butcher the rat corpse.
h - 2 chunks of flesh (gained 1)
You see here a rat skeleton.
i - an amethyst potion You start resting.
HP restored.
You see here a hobgoblin skeleton.
You see here a hobgoblin skeleton.
Found 27 stones.
Are you sure you want to abandon this character and quit the game? (Confirm with "yes".)

#...#.....#..#
#...#.....#..#
######...##'''##.#####
......................
..........####...####.
..........# ##.## #
..........# #.#####..#
#########.#
##........( #.#
#..@......#
#.####.######.##
#.............
#.####.####### #.# #.#
#.# #.# #.# #.# #.#
#.# #.. ..#


There were no monsters in sight!

Vanquished Creatures
  A dart slug (D:1)
  A hobgoblin (D:1)
  5 bats (D:1)
  A goblin (D:1)
  A rat (D:1)
9 creatures vanquished.

Notes
Turn   | Place    | Note
-------+----------+-------------------------------------------
     0 | Abyss:1  | juliaBrune the Formicid Abyssal Knight began the quest for
                  | the Orb.
     0 | Abyss:1  | Reached XP level 1. HP: 18/18 MP: 2/2
     4 | Abyss:1  | Found a corrupted altar of Lugonu.
     9 | D:1      | Escaped the Abyss
    90 | D:1      | Reached XP level 2. HP: 11/24 MP: 3/3
   696 | D:1      | Quit the game

Levels and vault maps discovered:
D:1:      dpeg_arrival_windows_large_door, layout_loops_ring

Action                   || total
-------------------------++-------
Melee: Spear             ||    15
       Dagger            ||    53
  Use: Scroll            ||     1
Armor: Leather armour    ||    16
       Scale mail        ||    36
Dodge: Dodged            ||    65

Table legend:
 A = Non-vault XP
 B = Vault XP
 C = Vault XP percentage of total XP
 D = Non-vault monster count
 E = Vault monster count
 F = Vault count percentage of total count
                 A         B        C        D         E       F
            +---------+---------+-------+---------+---------+-------
      Total |      16 |       0 |   0.0 |       9 |       0 |   0.0
            +---------+---------+-------+---------+---------+-------
        D:1 |      16 |       0 |   0.0 |       9 |       0 |   0.0
            +---------+---------+-------+---------+---------+-------
